 Dungeon Crawl Stone Soup version 0.30-a0-557-ge2afbf3030 (webtiles) character file.

Game seed: 2533071400527479305

771 cforsyth the Ruffian (level 7, -2/61 HPs)
             Began as a Purple Draconian Transmuter on Dec 27, 2022.
             Was a Follower of Zin.
             Slain by a troll (7 damage)
             ... on level 5 of the Dungeon.
             The game lasted 00:09:07 (4972 turns).

cforsyth the Ruffian (Purple Draconian Transmuter)  Turns: 4972, Time: 00:09:08

Health: -2/61      AC:  7    Str: 15    XL:     7   Next: 53%
Magic:  11/11      EV: 17    Int: 13    God:    Zin [*.....]
Gold:   193        SH:  5    Dex: 11    Spells: 10/11 levels left

rFire   . . .      SeeInvis .      - Unarmed
rCold   . . .      Faith    .    (no shield)
rNeg    . . .      Spirit   .    (body armour unavailable)
rPois   +          Reflect  +    (helmet restricted)
rElec   .          Harm     .    (no cloak)
rCorr   .          Rampage  .    q - +0 pair of gloves
Will    +....                    (no boots)
Stlth   +                        r - amulet of reflection
HPRegen 0.30/turn                b - +4 ring of evasion
MPRegen 0.12/turn                o - ring of poison resistance

@: no status effects
A: breathe power, AC +6, unfitting armour, cold-blooded
a: Breathe Dispelling Energy, Renounce Religion, Recite, Donate Gold


You were on level 5 of the Dungeon.
You worshipped Zin.
Zin was aware of your devotion.
You visited 2 branches of the dungeon, and saw 6 of its levels.

You collected 242 gold pieces.
You spent 28 gold pieces at shops.
You donated 21 gold pieces to Zin.

Inventory:

Armour
 q - a +0 pair of gloves (worn)
Jewellery
 b - a +4 ring of evasion (left hand)
 k - a ring of fire
 o - a ring of poison resistance (right hand)
 r - an amulet of reflection (around neck)
Wands
 e - a wand of roots (5)
 l - a wand of polymorph (8)
Scrolls
 f - 2 scrolls of teleportation {unknown}
 i - a scroll of brand weapon
 j - a scroll of fear {unknown}
 m - a scroll of poison {unknown}
 n - a scroll of amnesia {unknown}
Potions
 a - a potion of lignification
 c - a potion of brilliance
 d - a potion of ambrosia
 g - a potion of attraction
 h - 2 potions of flight {unknown}


   Skills:
 + Level 5.1 Fighting
 - Level 4.3 Dodging
 + Level 5.5 Unarmed Combat
 + Level 2.9 Spellcasting
 + Level 1.3 Hexes
 - Level 2.0 Transmutations
 + Level 1.3 Evocations


You had 10 spell levels left.
You knew the following spells:

 Your Spells              Type           Power      Damage    Failure   Level
a - Beastly Appendage     Tmut           14%        N/A       11%         1

Your spell library contained the following spells:

 Spells                   Type           Power      Damage    Failure   Level
 Wereblood                Tmut           7%         N/A       16%         2
 Spider Form              Tmut/Pois      4%         N/A       43%         3
 Ignite Poison            Fire/Tmut/Pois 3%         N/A       47%         3
 Ice Form                 Ice/Tmut       4%         N/A       83%         4
 Sticky Flame             Conj/Fire      1%         2d3       93%         4
 Malign Gateway           Summ/Tloc      0%         N/A       100%        7
 Ignition                 Fire           0%         3d3       100%        8
 Summon Horrible Things   Summ           0%         N/A       100%        8


Dungeon Overview and Level Annotations

Branches:
Dungeon (5/15)             Temple (1/1) D:5

Altars:
Cheibriados
Dithmenos
Fedhas
Kikubaaqudgha
Zin

Shops:
D:1 *   D:2 [   D:4 (


Innate Abilities, Weirdness & Mutations

You can breathe bolts of dispelling energy.
Your rich purple scales are hard. (AC +6)
You cannot fit into any form of body armour.
You are cold-blooded and may be slowed by cold attacks.


Message History

* * * LOW HITPOINT WARNING * * *
You closely miss the troll.
The troll is lightly wounded.
The troll misses you. The troll claws you!
* * * LOW HITPOINT WARNING * * *
The troll barely misses you.
You hit the troll.
The troll is moderately wounded.
You hit the troll but do no damage.
The troll is moderately wounded.
The troll bites you.
* * * LOW HITPOINT WARNING * * *
The troll misses you. The troll barely misses you.
You feel much better.
The troll misses you. x2; The troll claws you.
You hit the troll.
The troll is moderately wounded.
The troll bites you! The troll closely misses you. x2
You punch the troll!
The troll is heavily wounded.
The troll misses you. The troll barely misses you.
The troll completely misses you.
You hit the troll.
The troll is heavily wounded.
The troll misses you. The troll barely misses you. x2
You hit the troll but do no damage.
The troll is heavily wounded.
The troll bites you!
* * * LOW HITPOINT WARNING * * *
You block the troll's attack. The troll claws you.
* * * LOW HITPOINT WARNING * * *
You hit the troll.
The troll is heavily wounded.
You block the troll's attack. The troll claws you but does no damage.
The troll completely misses you.
You closely miss the troll.
Your tail-slap misses the troll.
The troll is heavily wounded.
The troll bites you! Zin protects you from harm! The troll claws you!
You die...

#......'......+
#......#.....##
#......#'#####
#......#.....#
#......#)....#
#......#T....#
#......#....## [
#......#...## .$
#....T@#..## ...
#......#..# ....
#.....##..# .....
#.....#...#......
#.....#...'......
#.....#...'......
#.....#...#......
#.....#...#......
#.....#...#......


You could see a troll.

Vanquished Creatures
  A black bear (D:5)
  A centaur (D:5)
  A scorpion (D:4)
  A howler monkey (D:5)
  A hound (D:4)
  An orc priest (D:5)
  4 iguanas
  2 orc wizards (D:3)
  Natasha (thrice) (D:3)
  Robin (D:3)
  8 gnolls (D:3)
  A shadow imp (D:3)
  2 ufetubi (D:5)
  4 dart slugs
  17 orcs
  5 endoplasms
  2 giant cockroaches
  14 goblins
  6 hobgoblins
  2 jackals (D:3)
  4 quokkas
  5 ball pythons
  5 bats
  5 frilled lizards
  12 kobolds
  2 rats (D:1)
110 creatures vanquished.

Notes
Turn   | Place    | Note
-------+----------+-------------------------------------------
     0 | D:1      | cforsyth the Draconian Transmuter began the quest for the
                  | Orb.
     0 | D:1      | Reached XP level 1. HP: 16/16 MP: 3/3
    56 | D:1      | Reached XP level 2. HP: 23/23 MP: 3/5
   565 | D:1      | Found Gomephak's General Store.
   576 | D:1      | Bought a scroll of identify for 28 gold pieces
   679 | D:2      | Reached XP level 3. HP: 29/29 MP: 4/6
  1276 | D:2      | Found Vaagidu's Armour Shoppe.
  1458 | D:3      | Reached XP level 4. HP: 14/37 MP: 5/7
  1773 | D:3      | Reached XP level 5. HP: 35/45 MP: 6/8
  2511 | D:3      | Noticed Natasha
  2519 | D:3      | Killed Natasha
  2555 | D:3      | Found a shadowy altar of Dithmenos.
  2698 | D:3      | Noticed Robin
  2710 | D:3      | Killed Robin
  3091 | D:3      | Reached XP level 6. HP: 44/52 MP: 7/9
  3638 | D:3      | Noticed Natasha
  3660 | D:3      | Killed Natasha
  4149 | D:3      | Noticed Natasha
  4154 | D:3      | Killed Natasha
  4306 | D:4      | Found Xitaleh's Antique Weapon Shop.
  4343 | D:4      | Reached skill level 5 in Unarmed Combat
  4534 | D:5      | Entered Level 5 of the Dungeon
  4690 | D:5      | Your scales start taking on a rich purple colour.
  4690 | D:5      | Reached XP level 7. HP: 54/60 MP: 10/10
  4824 | D:5      | Reached skill level 5 in Fighting
  4838 | D:5      | Reached skill level 1 in Hexes
  4874 | D:5      | Found a staircase to the Ecumenical Temple.
  4900 | D:5      | Reached skill level 1 in Evocations
  4910 | D:5      | Noticed a troll
  4932 | Temple   | Entered the Ecumenical Temple
  4943 | Temple   | Became a worshipper of Zin the Law-Giver
  4943 | Temple   | Reached * piety under Zin
  4972 | D:5      | Zin protects you from harm!
  4972 | D:5      | Slain by a troll

Illustrated notes

Levels and vault maps discovered:
D:1:      wheals_arrival_shading, layout_basic, serial_shops, nicolae_shop_trees
D:2:      layout_basic, serial_shops, nicolae_shop_window_shopping,
          minmay_split_cup_large
D:3:      layout_basic, mainiacjoe_overflow_alcove_1, uniq_robin, uniq_natasha
D:4:      layout_basic, serial_shops, nicolae_stop_n_shop_1
D:5:      kennysheep_big_flooded_room, layout_gridville,
          minmay_temple_entry_proselytizer, item_on_display_a
Temple:   nicolae_temple_bog_church

Skill      XL: |  1  2  3  4  5  6  7 |
---------------+----------------------+-----
Dodging        | 2 3 4 |  4.3
Fighting       | 2 3 4 5 |  5.1
Unarmed Combat | 4 5 |  5.5
Hexes          | 1 |  1.3
Evocations     | 1 |  1.3
Spellcasting   | |  2.9
Transmutations | |  2.0

Action                   |  1- 3 |  4- 6 |  7- 9 || total
-------------------------+-------+-------+-------++-------
Melee: Unarmed           |   110 |   251 |    39 ||   400
       Tailslap          |    10 |    27 |     5 ||    42
       Headbutt          |    11 |    25 |     3 ||    39
       Kick              |    22 |    51 |     5 ||    78
       Punch             |       |     5 |     1 ||     6
 Cast: Beastly Appendage |    25 |    33 |     5 ||    63
  Use: Scroll            |     4 |     2 |       ||     6
       Potion            |       |     2 |     1 ||     3
 Stab: Sleeping          |       |     2 |       ||     2
Armor: Skin              |    20 |    38 |    10 ||    68
Dodge: Dodged            |    79 |   219 |    43 ||   341
Block: Other             |       |       |     9 ||     9
       Reflection        |       |       |     1 ||     1

Table legend: (Time is in decaauts)
 A = Elapsed time spent in this place.
 B = Non-inter-level travel time spent in this place.
 C = Inter-level travel time spent in this place.
 D = Time resting spent in this place.
 E = Time spent auto-exploring this place.
 F = Levels seen in this place.
 G = Mean time per level.
                   A        B        C        D        E       F      G
               +--------+--------+--------+--------+--------+-----+--------+
         Total |   4938 |   4812 |    126 |    920 |   2699 |   6 |  823.0 |
       Dungeon |   4918 |   4800 |    118 |    920 |   2699 |   5 |  983.6 |
        Temple |     19 |     11 |      8 |      0 |      0 |   1 |   19.0 |
               +--------+--------+--------+--------+--------+-----+--------+

Top non-repeatable levels by time:
     D:3: 1794 daAuts
     D:2: 1357 daAuts
     D:4: 707 daAuts
     D:1: 645 daAuts
     D:5: 413 daAuts
  Temple: 19 daAuts
